 Dungeon Crawl Stone Soup version 0.31.0-1-g2c135a0 (webtiles) character file.

Game seed: 8240847515052432437

0 AOT807A the Ruffian (level 1, -3/15 HPs)
             Began as a Demigod Shapeshifter on Mar 21, 2024.
             Frozen to death by an endoplasm (5 damage)
             ... on level 1 of the Dungeon.
             The game lasted 00:00:12 (23 turns).

AOT807A the Ruffian (Demigod Shapeshifter)            Turns: 23, Time: 00:00:13

Health: -3/15      AC:  2    Str: 15    XL:     1   Next: 0%
Magic:  3/3        EV: 12    Int: 12    God:
Gold:   0          SH:  0    Dex: 13    Spells: 0/0 levels left

rFire   . .          .
                       - Unarmed
rCold   . . .        (no shield)
rNeg    . . .        a - +0 animal skin
rPois   .            (helmet currently unavailable)
rElec   .            (cloak currently unavailable)
rCorr   .            (gloves currently unavailable)
SInv    .            (boots currently unavailable)
Will    .....        (no amulet)
Stlth   +            (no ring)
HPRegen 0.22/turn    (no ring)
MPRegen 0.08/turn

%: no passive effects
@: beast-form
A: beast (slay +1), high MP 1, forlorn, divine attributes
a: Begin Untransformation


You were on level 1 of the Dungeon.
You were a hulking beast.
You visited 1 branch of the dungeon, and saw 1 of its levels.

Inventory:

Armour
 a - a +0 animal skin (worn)
Talismans
 c - a beast talisman
 d - a flux talisman
Potions
 b - a potion of lignification


   Skills:
 + Level 0.8 Fighting
 + Level 1.7 Dodging
 + Level 2.6 Unarmed Combat
 + Level 2.6 Shapeshifting


You couldn't memorise any spells.
You didn't know any spells.
Your spell library was empty.

Dungeon Overview and Level Annotations

Branches:
Dungeon (1/15)


Innate Abilities, Weirdness & Mutations

You are a hulking beast.
Your limbs bulge with bestial killing power. (Slay +1)
You have an increased reservoir of magic. (+10% MP)
You shall have no god before yourself.
Your divine heritage dramatically boosts your attributes as you level up.


Message History

The hobgoblin shouts!
The rat squeaks loudly.
You hear a shout!
You hear an angry hiss.
The dart slug launches a dart at you. The slug dart misses you.
The slug dart hits the hobgoblin.
A kobold comes into view. It is wielding a +0 club.
The hobgoblin hits you.
You completely miss the hobgoblin.
The hobgoblin is almost dead.
The dart slug bites you.
The hobgoblin hits you but does no damage.
You hit the hobgoblin.
You kill the hobgoblin!
An endoplasm comes into view.
A frilled lizard comes into view.
You barely miss the hobgoblin. The dart slug launches a dart at you.
The slug dart hits you. The hobgoblin barely misses you.
A rat comes into view.
You closely miss the hobgoblin.
The endoplasm quivers.
Your punch misses the hobgoblin. The dart slug launches a dart at you.
The slug dart hits you. The hobgoblin hits you.
You hit the hobgoblin.
The hobgoblin is moderately wounded.
The hobgoblin completely misses you. The dart slug misses you.
The endoplasm freezes you.
You are frozen.
You closely miss the hobgoblin.
The hobgoblin is moderately wounded.
You closely miss the hobgoblin.
The hobgoblin is moderately wounded.
The hobgoblin misses you. The endoplasm hits you.
The dart slug launches a dart at you. The slug dart hits you.
* * * LOW HITPOINT WARNING * * *
You punch the hobgoblin!
You kill the hobgoblin!
The endoplasm freezes you.
You are frozen.
You die...

#≈...≈# .#
##...## ####.##
#...### ......
+8.8'.####...
##.##...##.#####
#.#..#....#[$$#
#+#.###...#rr.#
.B. #....#wK.#
.###....##h# #
##...#[#Jl.#
#..##B# ...#
....#.# .....
#..##.# .....#
.#.#$# .......
## .......
.......


You could see a dart slug, an endoplasm, a giant cockroach, a kobold, a frilled
lizard and 2 rats.

Vanquished Creatures
  2 hobgoblins (D:1)
2 creatures vanquished.

Notes
Turn   | Place    | Note
-------+----------+-------------------------------------------
     0 | D:1      | AOT807A the Demigod Shapeshifter began the quest for the
                  | Orb.
     0 | D:1      | Reached XP level 1. HP: 15/15 MP: 3/3
    23 | D:1      | Frozen to death by an endoplasm

Illustrated notes

Levels and vault maps discovered:
D:1:      wander_arrival_chamber, layout_loops_ring,
          hellmonk_ecumenical_altar_pennies_from_heaven, minmay_misc_feat_roman,
          st_stairs_14, minmay_vboxes

Action                     || total
---------------------------++-------
  Melee: Unarmed           ||     8
 Armour: Animal skin       ||     8
  Dodge: Dodged            ||     5
